Workbook
Name _na1: #REF!
Name _na1: #REF!
Name _na2: #REF!
Name _na2: #REF!
Name _na3: #REF!
Name _na3: #REF!
Name _na4: #REF!
Name _na5: #REF!
Name _na6: #REF!
Name _na7: #REF!
Name _na8: #REF!
Name bases: #REF!
Name bases: #REF!
Name bases1: #REF!
Name bases2: #REF!
Name bases3: #REF!
Name bases4: #REF!
Name bases5: #REF!
Name bases6: #REF!
Name bases7: #REF!
Name bases8: #REF!
Name Build: #REF!
Name Build1: #REF!
Name Build2: #REF!
Name Build3: #REF!
Name Build4: #REF!
Name Build5: #REF!
Name Build6: #REF!
Name Build7: #REF!
Name Build8: #REF!
Name cmndBase: #REF!
Name cmndDayMonthTo: #REF!
Name cmndDays: #REF!
Name cmndDocNum: #REF!
Name cmndDocSer: #REF!
Name cmndFIO: #REF!
Name cmndOrdDay: #REF!
Name cmndOrdMonth: #REF!
Name cmndOrdNum: #REF!
Name cmndOrdYear: #REF!
Name cmndPoint: #REF!
Name cmndPoint1: #REF!
Name cmndPos: #REF!
Name cmndYearTo: #REF!
Name cntAddition: #REF!
Name cntDay: #REF!
Name cntMonth: #REF!
Name cntName: #REF!
Name cntNumber: #REF!
Name cntPayer: #REF!
Name cntPayer1: #REF!
Name cntPayerAddr1: #REF!
Name cntPayerAddr2: #REF!
Name cntPayerBank1: #REF!
Name cntPayerBank2: #REF!
Name cntPayerBank3: #REF!
Name cntPayerCount: #REF!
Name cntPayerCountCor: #REF!
Name cntPriceC: #REF!
Name cntPriceR: #REF!

Sheet Исходные данные
A1: Исходные данные для определения стоимости объекта в текущих ценах
B3: 1 | C3: Затраты на оборудование, мебель и инвентарь (Со) | D3: 0 | E3: сум
B4: 2 | C4: Затраты на строительные материалы, изделия и конструкции (См) | D4: =+РЕСУРС!H70 -> 1.0102882e+09 | E4: сум
C5: Транспортные расходы на материалы | D5: =РЕСУРС!H72 -> 157722.76 | E5: сум
C6: Заготовительно-складские расходы | E6: сум
C7: Транспортные расходы на оборудование с загот.скл.расх | D7: 0 | E7: сум
B8: 3 | C8: Затраты на ОЗП с учетом начислений на соцстрах (Сзп) | D8: =ROUND(D9*D10/D11*D12,0) -> 15860081 | E8: сум
B9: 3.1 | C9: Нормативная трудоемкость объекта (Т) | D9: =+РЕСУРС!F15 -> 571.39114 | E9: чел/час
B10: 3.2 | C10: Среднегодовая заработная плата строителей по региону в расчете на месяц, определенная на основе статистических данных за предыдущие 12 месяцев, сум./месяц (Змс) | D10: =РЕСУРС!G15/1.12*'Исходные данные'!D11 -> 4070607.8 | E10: сум/месяц
B11: 3.3 | C11: Среднемесячный фонд рабочего времени в часах по данным Министерства труда и социальной защиты населения Республики Узбекистан (Ф) | D11: 164.25 | E11: час
B12: 3.4 | C12: Коэффициент учета размера отчислений на соцстрах (Ксс) | D12: 1.12
B13: 4 | C13: Затраты на эксплуатацию машин и механизмов (Сэм) | D13: =+РЕСУРС!H45 -> 1.6043357e+08 | E13: сум
C14: Сумма (сум)
B15: 5 | C15: Прочие затраты и расходы подрядчика (Пп) | D15: =(D4+D5+D8+D13)*D16 -> 2.0174573e+08 | E15: сум
C16: Процент (%) | D16: 0.17 | E16: %
C17: Сумма (сум) | E17: сум
B18: 6 | C18: Отраслевая рентабельность(Нпр) | D18: =(D4+D5+D8+D13)*D19 -> 0
C19: Процент (%) | D19: 0
C20: Сумма (сум)
B21: 7 | C21: Прочие затраты и расходы заказчика (Пз) | D21: 0 | E21: сум
C22: Процент (%) | E22: %
C23: Сумма (сум) | E23: сум
B24: 8 | C24: Затраты на страхование строительства объектов | D24: =(D4+D5+D8+D13+D15)*D25 -> 4443153.1 | E24: сум
C25: Процент (%) | D25: 0.0032 | E25: %
C26: Сумма (сум) | E26: сум
B27: 9 | C27: Коэффициент риска, исходя из прогноза индекса роста цен | D27: 1 | E27: %
C28: Итого стоимость объекта в текущих ценах | D28: =ROUND((D4+D8+D13+D15+D5+D6)*D27+D3+D7+D21+D18+D24,0)/1000 -> 1392928.5 | E28: тыс.сум

Sheet РЕСУРС
A2: НАМАНГАН ВИЛОЯТИ УЧҚЎРҒОН ТУМАНИ НАМУНА МФЙДА ЖОЙЛАШГАН С.АБДУЛЛА КЎЧАСИ ВА Б.МАШРАБ КЎЧАСИНИ ОРАСИ 1850 М, МАРВАРИД КЎЧАСИ 1125 М МАСОФАНИ АСФАЛЬТ ҚИЛИШ
A4: СВОДНАЯ РЕСУРСНАЯ СМЕТА № 1
A5: ДОРОЖНЫЕ РАБОТЫ
A7: Основание: | C7: ВЕДОМОСТЬ ОБЪЕМОВ РАБОТ
A8: N п/п | B8: Шифр (обоснование) | C8: Код АВС | D8: Наименование ресурса | E8: Единица измерения | F8: Сметная потреб-ность | G8: Сметная стоимость, СУМ
G9: в текущем уровне
G10: единицы | H10: всего
A11: 1 | B11: 2 | C11: 3 | D11: 4 | E11: 5 | F11: 6 | G11: 7 | H11: 8
A13: Ресурсы по нормам СНиП
A14: Затраты труда
A15: 1. | C15: 1 | D15: Затраты труда рабочих-строителей | E15: чел.-ч | F15: 571.39114 | G15: 27756.96 | H15: =+G15*F15 -> 15860081
A16: 2. | C16: 3 | D16: Затраты труда машинистов | E16: чел.-ч | F16: 577.41466 | H16: 0
D17: Итого по трудовым ресурсам | E17: СУМ | H17: =SUM(H15:H16) -> 15860081
A19: Строительные машины и механизмы
A20: 1. | C20: 97 | D20: Автомобили-самосвалы грузоподъемностью до 30 т | E20: маш.-ч | F20: 22.83255 | G20: 316771 | H20: =+G20*F20 -> 7232689.7
A21: 2. | C21: 107 | D21: Автогрейдеры среднего типа 99 (135) кВт (л.с.) | E21: маш.-ч | F21: 36.591886 | G21: 294846 | H21: =+G21*F21 -> 10788971
A22: 3. | C22: 108 | D22: Автогудронаторы 3500 л | E22: маш.-ч | F22: 9.20931 | G22: 180023 | H22: =+G22*F22 -> 1657887.6
A23: 4. | C23: 403 | D23: Вибраторы глубинные | E23: маш.-ч | F23: 0.0233856 | G23: 1672 | H23: =+G23*F23 -> 39.100723
A24: 5. | C24: 464 | D24: Гудронаторы ручные | E24: маш.-ч | F24: 3.805425 | G24: 303 | H24: =+G24*F24 -> 1153.0438
A25: 6. | C25: 619 | D25: Катки дорожные самоходные вибрационные 2,2 т | E25: маш.-ч | F25: 8.46965 | G25: 105589 | H25: =+G25*F25 -> 894301.87
A26: 7. | C26: 621 | D26: Катки дорожные самоходные гладкие 8 т | E26: маш.-ч | F26: 43.884568 | G26: 179705 | H26: =+G26*F26 -> 7886276.3
A27: 8. | C27: 623 | D27: Катки дорожные самоходные гладкие 13 т | E27: маш.-ч | F27: 32.051408 | G27: 202982 | H27: =+G27*F27 -> 6505858.8
A28: 9. | C28: 762 | D28: Краны на автомобильном ходу при работе на других видах строительства 10 т | E28: маш.-ч | F28: 0.152 | G28: 251577 | H28: =+G28*F28 -> 38239.704
A29: 10. | C29: 1025 | D29: Кирковщики | E29: маш.-ч | F29: 8.6985483 | G29: 0 | H29: =+G29*F29 -> 0
A30: 11. | C30: 1069 | D30: Машины бурильные на тракторе 85 (115) кВт (л.с.) глубиной бурения 3,5 м | E30: маш.-ч | F30: 1.1 | G30: 274574 | H30: =+G30*F30 -> 302031.4
A31: 12. | C31: 1135 | D31: Машины поливомоечные 6000 л | E31: маш.-ч | F31: 24.068708 | G31: 205109 | H31: =+G31*F31 -> 4936708.7
... A44: 25. | C44: 3457 | D44: Автомобили-самосвалы грузоподъемностью до 25 т | E44: маш.-ч | F44: 258.13161 | G44: 316771 | H44: =+G44*F44 -> 81768608
D45: Итого по строительным машинам | E45: СУМ | H45: =SUM(H20:H44) -> 1.6043357e+08
A47: Строительные материалы, изделия и детали
A48: 1. | C48: 6087 | D48: Асфальтобетонные смеси мелкозернистые типа Б М-2 | E48: т | F48: 1532.5715 | G48: 611471 | H48: =+G48*F48 -> 9.3712302e+08
A49: 2. | C49: 6322 | D49: Бетон тяжелый класса В15 /М-200/ фракции 5-20 мм | E49: м3 | F49: 0.11424 | G49: 370000 | H49: =+G49*F49 -> 42268.8
A50: 3. | C50: 9219 | D50: Вода | E50: м3 | F50: 146.91816 | G50: 0 | H50: =+G50*F50 -> 0
A51: 4. | C51: 12303 | D51: Гравийно-песчаная смесь | E51: м3 | F51: 1055.8139 | G51: 31171 | H51: =+G51*F51 -> 32910776 | I51: ,
A52: 5. | C52: 30135 | D52: Битум | E52: т | F52: 0.1725126 | G52: 5803571 | H52: =+G52*F52 -> 1001189.1
A53: 6. | C53: 30137 | D53: Эмульсия битумная | E53: т | F53: 7.83933 | G53: 4464285.7 | H53: =+G53*F53 -> 34997009
A54: 7. | C54: 30303 | D54: Болты с шестигранной головкой диаметром резьбы 10 мм | E54: т | F54: 0.0048 | G54: 15402000 | H54: =+G54*F54 -> 73929.6
A55: 8. | C55: 30407 | D55: Гвозди строительные | E55: т | F55: 2.128e-05 | G55: 9375000 | H55: =+G55*F55 -> 199.5
A56: 9. | C56: 30652 | D56: Известь строительная негашеная комовая, сорт 1 | E56: т | F56: 2.8e-05 | G56: 850000 | H56: =+G56*F56 -> 23.8
A57: 10. | C57: 31403 | D57: Грунтовка В-КФ-093 красно-коричневая, серая, черная | E57: т | F57: 0.001935 | G57: 18482000 | H57: =+G57*F57 -> 35762.67
A58: 11. | C58: 31445 | D58: Краски перхлорвиниловые | E58: т | F58: 0.000562 | G58: 18482000 | H58: =+G58*F58 -> 10386.884
A59: 12. | C59: 31507 | D59: Растворители для лакокрасочных материалов Р-4А | E59: т | F59: 0.000338 | G59: 17188000 | H59: =+G59*F59 -> 5809.544
A60: 13. | C60: 32524 | D60: Катанка горячекатаная в мотках диаметром 6,3-6,5 мм | E60: т | F60: 2.8e-05 | G60: 8196431 | H60: =+G60*F60 -> 229.50007
A61: 14. | C61: 35516 | D61: Рогожа | E61: м2 | F61: 0.13776 | G61: 16964 | H61: =+G61*F61 -> 2336.9606
A62: 15. | C62: 36061 | D62: Доски обрезные хвойных пород длиной 4-6,5 м, шириной 75-150 мм, толщиной 44 мм и более, III сорта | E62: м3 | F62: 0.0006608 | G62: 3660714.3 | H62: =+G62*F62 -> 2419
A63: 16. | C63: 51619 | D63: Щиты из досок толщиной 25 мм | E63: м2 | F63: 0.0616 | G63: 37500 | H63: =+G63*F63 -> 2310
A64: 1. | B64: С | D64: ДОРОЖНЫЙ ЗНАК 1.11.1 ТРЕУГОЛЬНОЙ, СВЕТООТРАЖАЮЩИХ, СТОРОНОЙ -700ММ. | E64: шт | F64: 1 | G64: 310000 | H64: =+G64*F64 -> 310000
A65: 2. | B65: С | D65: Трубы металлические профил размером 50х50мм толщиной стенки 3,5 мм | E65: м | F65: 28 | G65: 35020 | H65: =+G65*F65 -> 980560
A66: 3. | B66: С | D66: ДОРОЖНЫЙ ЗНАК 3.12 КРУГЛЫЙ, СВЕТООТРАЖАЮЩИХ, СТОРОНОЙ -700ММ. | E66: шт | F66: 2 | G66: 310000 | H66: =+G66*F66 -> 620000
A67: 4. | B67: С | D67: ДОРОЖНЫЙ ЗНАК 1.31.2 ПРЯМОУГОЛНОЙ, СВЕТООТРАЖАЮЩИХ, СТОРОНОЙ -615Х500ММ. | E67: шт | F67: 3 | G67: 310000 | H67: =+G67*F67 -> 930000
A68: 5. | B68: С | D68: ДОРОЖНЫЙ ЗНАК 1.31.1 ПРЯМОУГОЛНОЙ, СВЕТООТРАЖАЮЩИХ, СТОРОНОЙ -615Х500ММ. | E68: шт | F68: 3 | G68: 310000 | H68: =+G68*F68 -> 930000
A69: 6. | B69: С | D69: ДОРОЖНЫЙ ЗНАК 1.11.2 ТРЕУГОЛЬНОЙ, СВЕТООТРАЖАЮЩИХ, СТОРОНОЙ -700ММ. | E69: шт | F69: 1 | G69: 310000 | H69: =+G69*F69 -> 310000
D70: Итого по материальным ресурсам | E70: СУМ | H70: =SUM(H48:H69) -> 1.0102882e+09
D72: Транспорные расходы 3% | H72: =+(H70-H48-H51-H53)*3% -> 157722.76

Sheet 01_ЛРВ
B2: НАМАНГАН ВИЛОЯТИ УЧКУРГОН ТУМАНИ НАМУНА МФЙДА ЖОЙЛАШГАН С.АБДУЛЛА КУЧАСИ ВА Б.МАШРАБ КУЧАСИНИ ОРАСИ 1850 М, МАРВАРИД КУЧАСИ 1125 М МАСОФАНИ АСФАЛЬТ КИЛИШ
B3: (наименование стройки)
C5: ЛОКАЛЬНАЯ РЕСУРСНАЯ ВЕДОМОСТЬ № | D5: 01
B6: (локальная ресурсная смета)
A8: на | B8: ДОРОЖНЫЕ РАБОТЫ,
B9: (наименование работ и затрат, наименование объекта)
A11: Основание: | C11: ДЕФЕКТНЫЙ АКТ
A12: N п.п. | B12: Шифр номера нормативов и коды ресурсов | C12: Наименование работ и затрат | D12: Единица измерения | E12: Количество | G12: Стоимость
E13: на. ед. измерения | F13: по проектным данным | G13: на. ед. измерения | H13: по проектным данным
A14: 1 | B14: 2 | C14: 3 | D14: 4 | E14: 5 | F14: 6 | G14: 7 | H14: 8
A16: РАЗДЕЛ 1. ДОРОЖНАЯ ОДЕЖДА
A17: 1 | B17: Е2704-003-05 ДОП. 4 | C17: УСТРОЙСТВО ОСНОВАНИЙ И ПОКРЫТИЙ ИЗ ПЕСЧАНО-ГРАВИЙНЫХ СМЕСЕЙ ОДНОСЛОЙНЫХ ТОЛЩИНОЙ 12 СМ | D17: 1000М2 | E17: 1.7099
A18: 1.1 | B18: 1 | C18: ЗАТРАТЫ ТРУДА РАБОЧИХ-СТРОИТЕЛЕЙ | D18: ЧЕЛ.-Ч | E18: 41.6 | F18: 71.1302
A19: 1.2 | B19: 3 | C19: ЗАТРАТЫ ТРУДА МАШИНИСТОВ | D19: ЧЕЛ.-Ч | E19: 13.77 | F19: 23.5448
A20: 1.3 | B20: 107 | C20: АВТОГРЕЙДЕРЫ СРЕДНЕГО ТИПА 99 (135) КВТ (Л.С.) | D20: МАШ.-Ч | E20: 2.32 | F20: 3.9669
A21: 1.4 | B21: 1135 | C21: МАШИНЫ ПОЛИВОМОЕЧНЫЕ 6000 Л | D21: МАШ.-Ч | E21: 1.43 | F21: 2.4451
A22: 1.5 | B22: 2845 | C22: КАТКИ ДОРОЖНЫЕ САМОХОДНЫЕ КОМБИНИРОВАННЫЕ 13 Т HAMM ND 110 S/N | D22: МАШ.-Ч | E22: 4.09 | F22: 6.9933
A23: 1.6 | B23: 2846 | C23: КАТКИ ДОРОЖНЫЕ 30 Т HAMM 35 S/N | D23: МАШ.-Ч | E23: 0.92 | F23: 1.5731
A24: 1.7 | B24: 3093 | C24: КАТКИ ДОРОЖНЫЕ САМОХОДНЫЕ КОМБИНИРОВАННЫЕ БОЛЬШИХ ТИПОРАЗМЕРОВ ТИПА КАТКОВ ФИРМЫ "BOMAG" С РАБОЧЕЙ МАССОЙ ОТ 8,8 ДО 9,2 Т | D24: МАШ.-Ч | E24: 5.01 | F24: 8.5664
A25: 1.8 | B25: 9219 | C25: ВОДА | D25: М3 | E25: 10.5 | F25: 17.9535
A26: 1.9 | B26: 12303 | C26: ГРАВИЙНО-ПЕСЧАНАЯ СМЕСЬ | D26: М3 | E26: 152 | F26: 259.8987
A27: 2 | B27: Е2704-003-08 ДОП. 7 К=8 | C27: УВЕЛИЧЕНИЕ ТОЛЩИНЫ СЛОЯ НА 8 СМ | D27: 1000 М2 | E27: 1.7099
A28: 2.1 | B28: 3 | C28: ЗАТРАТЫ ТРУДА МАШИНИСТОВ | D28: ЧЕЛ.-Ч | E28: 4.4 | F28: 7.5234
A29: 2.2 | B29: 2845 | C29: КАТКИ ДОРОЖНЫЕ САМОХОДНЫЕ КОМБИНИРОВАННЫЕ 13 Т HAMM ND 110 S/N | D29: МАШ.-Ч | E29: 2 | F29: 3.4197
A30: 2.3 | B30: 3093 | C30: КАТКИ ДОРОЖНЫЕ САМОХОДНЫЕ КОМБИНИРОВАННЫЕ БОЛЬШИХ ТИПОРАЗМЕРОВ ТИПА КАТКОВ ФИРМЫ "BOMAG" С РАБОЧЕЙ МАССОЙ ОТ 8,8 ДО 9,2 Т | D30: МАШ.-Ч | E30: 2.4 | F30: 4.1037
A31: 2.4 | B31: 12303 | C31: ГРАВИЙНО-ПЕСЧАНАЯ СМЕСЬ | D31: М3 | E31: 101.3333 | F31: 173.2657
A32: 3 | B32: Е2703-1-3 | C32: ИСПРАВЛЕНИЕ ПРОФИЛЯ ОСНОВАНИЙ ГРАВИЙНО-ПЕСЧАНОЙ СМЕСИ С ДОБАВЛЕНИЕМ НОВОГО МАТЕРИАЛА | D32: 1000М2 ПЛОЩАДИ ОСНОВАНИЯ | E32: 7.8365
A33: 3.1 | B33: 1 | C33: ЗАТРАТЫ ТРУДА РАБОЧИХ-СТРОИТЕЛЕЙ | D33: ЧЕЛ.-Ч | E33: 30.9 | F33: 242.1488
A34: 3.2 | B34: 3 | C34: ЗАТРАТЫ ТРУДА МАШИНИСТОВ | D34: ЧЕЛ.-Ч | E34: 16.35 | F34: 128.1273
A35: 3.3 | B35: 107 | C35: АВТОГРЕЙДЕРЫ СРЕДНЕГО ТИПА 99 (135) КВТ (Л.С.) | D35: МАШ.-Ч | E35: 3.7 | F35: 28.9952
A36: 3.4 | B36: 621 | C36: КАТКИ ДОРОЖНЫЕ САМОХОДНЫЕ ГЛАДКИЕ 8 Т | D36: МАШ.-Ч | E36: 5.6 | F36: 43.8846
A37: 3.5 | B37: 623 | C37: КАТКИ ДОРОЖНЫЕ САМОХОДНЫЕ ГЛАДКИЕ 13 Т | D37: МАШ.-Ч | E37: 4.09 | F37: 32.0514
A38: 3.6 | B38: 1025 | C38: КИРКОВЩИКИ | D38: МАШ.-Ч | E38: 1.11 | F38: 8.6985
A39: 3.7 | B39: 1135 | C39: МАШИНЫ ПОЛИВОМОЕЧНЫЕ 6000 Л | D39: МАШ.-Ч | E39: 1.95 | F39: 15.2812
A40: 3.8 | B40: 1835 | C40: ТРАКТОРЫ НА ГУСЕНИЧНОМ ХОДУ 79 (108) КВТ (Л.С.) | D40: МАШ.-Ч | E40: 1.01 | F40: 7.9149
A41: 3.9 | B41: 9219 | C41: ВОДА | D41: М3 | E41: 15 | F41: 117.548
A42: 3.10 | B42: 12303 | C42: ГРАВИЙНО-ПЕСЧАНАЯ СМЕСЬ | D42: М3 | E42: 66 | F42: 517.211
A43: 4 | B43: Е2706-026-01 | C43: ПОДГРУНТОВКА БИТУМНОЙ ЭМУЛЬСИИ С ДОСТАВКОЙ НА 40 КМ | D43: Т | E43: 7.611
A44: 4.1 | B44: 3 | C44: ЗАТРАТЫ ТРУДА МАШИНИСТОВ | D44: ЧЕЛ.-Ч | E44: 2.42 | F44: 18.4186
A45: 4.2 | B45: 108 | C45: АВТОГУДРОНАТОРЫ 3500 Л | D45: МАШ.-Ч | E45: 1.21 | F45: 9.2093
A46: 4.3 | B46: 30137 | C46: ЭМУЛЬСИЯ БИТУМНАЯ | D46: Т | E46: 1.03 | F46: 7.8393
A47: 5 | B47: Е2713-010-01 ДОП. 9 | C47: УСТРОЙСТВО ПОКРЫТИЯ ИЗ ГОРЯЧИХ ПЛОТНЫХ МЕЛКОЗЕРНИСТЫХ АСФАЛЬТОБЕТОННЫХ СМЕСЕЙ АСФАЛЬТОУКЛАДЧИКАМИ ТИПА "VOGELE" ПРИ ШИРИНЕ УКЛАДКИ ДО 6 М И ТОЛЩИНОЙ СЛОЯ 4 СМ | D47: 1000М2 ПОКРЫТИЯ | E47: 12.6847
A48: 5.1 | B48: 1 | C48: ЗАТРАТЫ ТРУДА РАБОЧИХ-СТРОИТЕЛЕЙ | D48: ЧЕЛ.-Ч | E48: 16.63 | F48: 210.9474
A49: 5.2 | B49: 3 | C49: ЗАТРАТЫ ТРУДА МАШИНИСТОВ | D49: ЧЕЛ.-Ч | E49: 9.38 | F49: 118.983
A50: 5.3 | B50: 97 | C50: АВТОМОБИЛИ-САМОСВАЛЫ ГРУЗОПОДЪЕМНОСТЬЮ ДО 30 Т | D50: МАШ.-Ч | E50: 1.44 | F50: 18.266
A51: 5.4 | B51: 464 | C51: ГУДРОНАТОРЫ РУЧНЫЕ | D51: МАШ.-Ч | E51: 0.24 | F51: 3.0443
A52: 5.5 | B52: 1135 | C52: МАШИНЫ ПОЛИВОМОЕЧНЫЕ 6000 Л | D52: МАШ.-Ч | E52: 0.5 | F52: 6.3424
A53: 5.6 | B53: 2798 | C53: РЕЗЧИКИ ШВОВ ДИСКОВЫЕ | D53: МАШ.-Ч | E53: 0.12 | F53: 1.5222
A54: 5.7 | B54: 3097 | C54: УКЛАДЧИКИ АСФАЛЬТОБЕТОНА ТИПА "VOGELE" С ШИРИНОЙ УКЛАДКИ ДО 6,5 М | D54: МАШ.-Ч | E54: 1.44 | F54: 18.266
A55: 5.8 | B55: 3348 | C55: КАТКИ САМОХОДНЫЕ ДОРОЖНЫЕ ВИБРАЦИОННЫЕ ТИПА "DYNAPAC", "HAMM", "BOMAG", 8 Т | D55: МАШ.-Ч | E55: 3.08 | F55: 39.069
A56: 5.9 | B56: 3349 | C56: КАТКИ САМОХОДНЫЕ ДОРОЖНЫЕ ВИБРАЦИОННЫЕ ТИПА "DYNAPAC", "HAMM", "BOMAG", 10 Т | D56: МАШ.-Ч | E56: 1.37 | F56: 17.3781
A57: 5.10 | B57: 3350 | C57: КАТКИ САМОХОДНЫЕ ДОРОЖНЫЕ ВИБРАЦИОННЫЕ ТИПА "DYNAPAC", "HAMM", "BOMAG", 13 Т | D57: МАШ.-Ч | E57: 1.55 | F57: 19.6614
A58: 5.11 | B58: 6087 | C58: АСФАЛЬТОБЕТОННЫЕ СМЕСИ МЕЛКОЗЕРНИСТЫЕ ТИПА Б М-2 | D58: Т | E58: 96.6 | F58: 1225.3468
A59: 5.12 | B59: 9219 | C59: ВОДА | D59: М3 | E59: 0.9 | F59: 11.4163
A60: 5.13 | B60: 30135 | C60: БИТУМ | D60: Т | E60: 0.0108 | F60: 0.136995
A61: 6 | B61: Е2713-011-01 ДОП. 9 К=2 | C61: УВЕЛИЧЕНИЕ ТОЛЩИНЫ СЛОЯ НА 1 СМ | D61: 1000 М2 | E61: 12.6847
A62: 6.1 | B62: 1 | C62: ЗАТРАТЫ ТРУДА РАБОЧИХ-СТРОИТЕЛЕЙ | D62: ЧЕЛ.-Ч | E62: 1.16 | F62: 14.7143
A63: 6.2 | B63: 3 | C63: ЗАТРАТЫ ТРУДА МАШИНИСТОВ | D63: ЧЕЛ.-Ч | E63: 0.72 | F63: 9.133
A64: 6.3 | B64: 97 | C64: АВТОМОБИЛИ-САМОСВАЛЫ ГРУЗОПОДЪЕМНОСТЬЮ ДО 30 Т | D64: МАШ.-Ч | E64: 0.36 | F64: 4.5665
A65: 6.4 | B65: 464 | C65: ГУДРОНАТОРЫ РУЧНЫЕ | D65: МАШ.-Ч | E65: 0.06 | F65: 0.761085
A66: 6.5 | B66: 2798 | C66: РЕЗЧИКИ ШВОВ ДИСКОВЫЕ | D66: МАШ.-Ч | E66: 0.03 | F66: 0.380543
A67: 6.6 | B67: 3097 | C67: УКЛАДЧИКИ АСФАЛЬТОБЕТОНА ТИПА "VOGELE" С ШИРИНОЙ УКЛАДКИ ДО 6,5 М | D67: МАШ.-Ч | E67: 0.36 | F67: 4.5665
A68: 6.7 | B68: 6087 | C68: АСФАЛЬТОБЕТОННЫЕ СМЕСИ МЕЛКОЗЕРНИСТЫЕ ТИПА Б М-2 | D68: Т | E68: 24.22 | F68: 307.2246
A69: 6.8 | B69: 30135 | C69: БИТУМ | D69: Т | E69: 0.0028 | F69: 0.035517
A70: 7 | B70: Е2714-005-01 | C70: УКРЕПЛЕНИЕ ОБОЧИН ПЕСЧАНО-ГРАВИЙНОЙ СМЕСЬЮ, ТОЛЩИНА СЛОЯ 10 СМ | D70: 100 М2 | E70: 17.285
A71: 7.1 | B71: 3 | C71: ЗАТРАТЫ ТРУДА МАШИНИСТОВ | D71: ЧЕЛ.-Ч | E71: 0.7 | F71: 12.0995
A72: 7.2 | B72: 107 | C72: АВТОГРЕЙДЕРЫ СРЕДНЕГО ТИПА 99 (135) КВТ (Л.С.) | D72: МАШ.-Ч | E72: 0.21 | F72: 3.6299
A73: 7.3 | B73: 619 | C73: КАТКИ ДОРОЖНЫЕ САМОХОДНЫЕ ВИБРАЦИОННЫЕ 2,2 Т | D73: МАШ.-Ч | E73: 0.49 | F73: 8.4696
A74: 7.4 | B74: 12303 | C74: ГРАВИЙНО-ПЕСЧАНАЯ СМЕСЬ | D74: М3 | E74: 12.6 | F74: 217.791
A75: 8 | B75: Е2714-005-02 К=5 | C75: УМЕНШЕНИЕ ТОЛЩИНЫ СЛОЯ НА 5 СМ | D75: 100 М2 | E75: -17.285
A76: 8.1 | B76: 12303 | C76: ГРАВИЙНО-ПЕСЧАНАЯ СМЕСЬ | D76: М3 | E76: 6.5 | F76: -112.3525
A77: РАЗДЕЛ 2. ДОРОЖНЫЕ ЗНАКИ
A78: 9 | B78: Е2709-008-01 | C78: УСТАНОВКА ОПОР ИЗ МЕТАЛЛИЧЕСКИЕ ПРОФИЛ РАЗМЕРОМ 50Х50ММ 3,5 ММ ДЛЯ ДОРОЖНЫХ ЗНАКОВ С УСТАНОВКОЙ ЩИТКОВ | D78: 100 ШТ | E78: 0.1
A79: 9.1 | B79: 1 | C79: ЗАТРАТЫ ТРУДА РАБОЧИХ-СТРОИТЕЛЕЙ | D79: ЧЕЛ.-Ч | E79: 320 | F79: 32
A80: 9.2 | B80: 3 | C80: ЗАТРАТЫ ТРУДА МАШИНИСТОВ | D80: ЧЕЛ.-Ч | E80: 14.53 | F80: 1.453
A81: 9.3 | B81: 762 | C81: КРАНЫ НА АВТОМОБИЛЬНОМ ХОДУ ПРИ РАБОТЕ НА ДРУГИХ ВИДАХ СТРОИТЕЛЬСТВА 10 Т | D81: МАШ.-Ч | E81: 1.52 | F81: 0.152
A82: 9.4 | B82: 1069 | C82: МАШИНЫ БУРИЛЬНЫЕ НА ТРАКТОРЕ 85 (115) КВТ (Л.С.) ГЛУБИНОЙ БУРЕНИЯ 3,5 М | D82: МАШ.-Ч | E82: 11 | F82: 1.1
A83: 9.5 | B83: 2499 | C83: АВТОМОБИЛИ БОРТОВЫЕ ГРУЗОПОДЪЕМНОСТЬЮ ДО 5 Т | D83: МАШ.-Ч | E83: 2.01 | F83: 0.201
A84: 9.6 | B84: 30303 | C84: БОЛТЫ С ШЕСТИГРАННОЙ ГОЛОВКОЙ ДИАМЕТРОМ РЕЗЬБЫ 10 ММ | D84: Т | E84: 0.048 | F84: 0.0048
A85: 9.7 | B85: 31403 | C85: ГРУНТОВКА В-КФ-093 КРАСНО-КОРИЧНЕВАЯ, СЕРАЯ, ЧЕРНАЯ | D85: Т | E85: 0.01935 | F85: 0.001935
A86: 9.8 | B86: 31445 | C86: КРАСКИ ПЕРХЛОРВИНИЛОВЫЕ | D86: Т | E86: 0.00562 | F86: 0.000562
A87: 9.9 | B87: 31507 | C87: РАСТВОРИТЕЛИ ДЛЯ ЛАКОКРАСОЧНЫХ МАТЕРИАЛОВ Р-4А | D87: Т | E87: 0.00338 | F87: 0.000338
A88: 10 | B88: Е0601-001-03 ДОП. 3 | C88: УСТРОЙСТВО ФУНДАМЕНТА ПОД ОПОРИ ИЗ БЕТОНА В-15 | D88: 100 М3 БЕТОНА | E88: 0.00112
A89: 10.1 | B89: 1 | C89: ЗАТРАТЫ ТРУДА РАБОЧИХ-СТРОИТЕЛЕЙ | D89: ЧЕЛ.-Ч | E89: 402.22 | F89: 0.450486
A90: 10.2 | B90: 3 | C90: ЗАТРАТЫ ТРУДА МАШИНИСТОВ | D90: ЧЕЛ.-Ч | E90: 0.48 | F90: 0.000538
A91: 10.3 | B91: 403 | C91: ВИБРАТОРЫ ГЛУБИННЫЕ | D91: МАШ.-Ч | E91: 20.88 | F91: 0.023386
A92: 10.4 | B92: 1571 | C92: ПИЛА ЭЛЕКТРИЧЕСКАЯ ЦЕПНАЯ | D92: МАШ.-Ч | E92: 0.72 | F92: 0.000806
A93: 10.5 | B93: 2509 | C93: АВТОМОБИЛИ БОРТОВЫЕ ГРУЗОПОДЪЕМНОСТЬЮ ДО 5 Т | D93: МАШ.-Ч | E93: 0.48 | F93: 0.000538
A94: 10.6 | B94: 6322 | C94: БЕТОН ТЯЖЕЛЫЙ КЛАССА В15 /М-200/ ФРАКЦИИ 5-20 ММ | D94: М3 | E94: 102 | F94: 0.11424
A95: 10.7 | B95: 9219 | C95: ВОДА | D95: М3 | E95: 0.364 | F95: 0.000408
A96: 10.8 | B96: 30407 | C96: ГВОЗДИ СТРОИТЕЛЬНЫЕ | D96: Т | E96: 0.019 | F96: 2.1e-05
A97: 10.9 | B97: 30652 | C97: ИЗВЕСТЬ СТРОИТЕЛЬНАЯ НЕГАШЕНАЯ КОМОВАЯ, СОРТ 1 | D97: Т | E97: 0.025 | F97: 2.8e-05
A98: 10.10 | B98: 32524 | C98: КАТАНКА ГОРЯЧЕКАТАНАЯ В МОТКАХ ДИАМЕТРОМ 6,3-6,5 ММ | D98: Т | E98: 0.025 | F98: 2.8e-05
A99: 10.11 | B99: 35516 | C99: РОГОЖА | D99: М2 | E99: 123 | F99: 0.13776
A100: 10.12 | B100: 36061 | C100: ДОСКИ ОБРЕЗНЫЕ ХВОЙНЫХ ПОРОД ДЛИНОЙ 4-6,5 М, ШИРИНОЙ 75-150 ММ, ТОЛЩИНОЙ 44 ММ И БОЛЕЕ, III СОРТА | D100: М3 | E100: 0.59 | F100: 0.000661
A101: 10.13 | B101: 51619 | C101: ЩИТЫ ИЗ ДОСОК ТОЛЩИНОЙ 25 ММ | D101: М2 | E101: 55 | F101: 0.0616
A102: 11 | B102: С | C102: ТРУБЫ МЕТАЛЛИЧЕСКИЕ ПРОФИЛ РАЗМЕРОМ 50Х50ММ ТОЛЩИНОЙ СТЕНКИ 3,5 ММ | D102: М | E102: 28
A103: 12 | B103: С | C103: ДОРОЖНЫЙ ЗНАК 1.11.1 ТРЕУГОЛЬНОЙ, СВЕТООТРАЖАЮЩИХ, СТОРОНОЙ -700ММ. | D103: ШТ | E103: 1
A104: 13 | B104: С | C104: ДОРОЖНЫЙ ЗНАК 1.11.2 ТРЕУГОЛЬНОЙ, СВЕТООТРАЖАЮЩИХ, СТОРОНОЙ -700ММ. | D104: ШТ | E104: 1
A105: 14 | B105: С | C105: ДОРОЖНЫЙ ЗНАК 1.31.1 ПРЯМОУГОЛНОЙ, СВЕТООТРАЖАЮЩИХ, СТОРОНОЙ -615Х500ММ. | D105: ШТ | E105: 3
...

Sheet Дефектовка
G1: "ТАСДИҚЛАЙМАН"
G2: Наманган минтақавий йўлларга буюртмачи хизмати ДМ директори
G4: ____________________ _____________
G5: "______" __________________2026 й
A7: НАМАНГАН ВИЛОЯТИ УЧҚЎРҒОН ТУМАНИ НАМУНА МФЙДА ЖОЙЛАШГАН С.АБДУЛЛА КЎЧАСИ ВА Б.МАШРАБ КЎЧАСИНИ ОРАСИ 1850 М, МАРВАРИД КЎЧАСИ 1125 М МАСОФАНИ АСФАЛЬТ ҚИЛИШ
A8: НУКСОНЛАР ДАЛОЛАТНОМАСИ
A9: Биз, куйида имзо чекувчилар, комиссия аъзолари: Наманган вилояти минтақавий йўлларга буюртмачи хизмати ДМ бажарилган ишларни қабул қилиш бўлими мутахассиси, лойиҳа таъминоти бўлими бошлиғи, Намуна МФЙ раиси, ташаббускор ҳамда лойиҳа ташкилот вакиллари мазкур далолатномани визуал текшириш ва инструментал ўлчашлар натижасида туздик ва ушбу кўча бўйича қуйидаги иш турлари ва хажмлари аниқланди:
A10: № т.р | B10: Ишлар манзили | D10: Узунлиги, метр | E10: Йўл элементларининг мавжуд ҳолати | F10: Лойиҳада кўзда тутилган иш турлари ва тадбирлар | G10: Иш хажмларини хисоблаш формуласи | H10: Ўлчов бирлиги | I10: Миқдори (хажм)
B11: боши | C11: охири
B12: ПК+ | C12: ПК+
A13: 1 | B13: 2 | C13: 3 | D13: 4 | E13: 5 | F13: 6 | G13: 7 | H13: 8 | I13: 9
A14: Трасса 1 (С.Абдулла кўчаси)
A15: 1 | B15: 0+00 9+35 | C15: 9+35 17+77 | D15: 935 842 | E15: Йўлнинг мавжуд холати қум шағал аралашмасидан иборат бўлиб, чўкишлар нотекисликлар мавжуд. | F15: Мавжуд йўл профилини 1000м2 га 66 м3 янги ҚШАли ГОСТ 25607-2009 (С6) материал қўшиш йўли билан тиклаш | G15: 935 м х 4 м х 50% 842 м х 3 м х 50% | H15: м2 | I15: 3138.37
F16: Битум эмульцияси билан юзаки ишлов бериш 0,6 л/м2 | G16: 0,6 х 6276,73 м2 / 1000 | H16: т | I16: 3.766
F17: Асфальтоукладчик ёрдамида қайноқ майда заррали зич асфальтобетондан 5 см қалинликда қоплама ёткизиш. (ГОСТ 9128-2013) | G17: 935 м х 4 м 842 м х 3 м | H17: м2 | I17: 6276.73
F18: Қум шағал аралашмаси ёрдамида (ГОСТ 25607-2009 бўйича С11) 5 см қалинликда йўл марзасини мустаҳкамлаш | G18: 1777 м х 0,25 м х 2 | H18: м2 | I18: 888.5
A19: 2 | B19: 9+00 | D19: 20 | E19: Автотураргохнинг мавжуд холати қум шағал аралашмасидан иборат бўлиб, чўкишлар нотекисликлар мавжуд. | F19: Мавжуд йўл профилини 1000м2 га 66 м3 янги ҚШАли ГОСТ 25607-2009 (С6) материал қўшиш йўли билан тиклаш | G19: 20 м х 5 м | H19: м2 | I19: 100
F20: Битум эмульцияси билан юзаки ишлов бериш 0,6 л/м2 | G20: 0,6 х 100 м2 / 1000 | H20: т | I20: 0.06
F21: Асфальтоукладчик ёрдамида қайноқ майда заррали зич асфальтобетондан 5 см қалинликда қоплама ёткизиш. (ГОСТ 9128-2013) | G21: 20 м х 5 м | H21: м2 | I21: 100
A22: 3 | B22: 0+05 17+72 | E22: Йўл белгилари етишмайди. | F22: Йўл белгиларини узунлиги 4 м ўлчами 50х50 мм бўлган металл устинини B-15 маркали қуйма бетон пойдеворга ўрнатиш | G22: 10 дона | H22: дона | I22: 10
G23: 0,112 м3 | H23: м3 | I23: 0.112
F24: Ўлчами 700 мм бўлган 1.11 .1"Хавфли бурилиш" йўл белгиси | G24: 1 дона | H24: дона | I24: 1
F25: Ўлчами 700 мм бўлган 1.11.2"Хавфли бурилиш" йўл белгиси | G25: 1 дона | H25: дона | I25: 1
F26: Ўлчами 615 х 500 мм бўлган 1.31.1"Бурилишнинг йўналиши" йўл белгиси | G26: 3 дона | H26: дона | I26: 3
F27: Ўлчами 615 х 500 мм бўлган 1.31.2"Бурилишнинг йўналиши" йўл белгиси | G27: 3 дона | H27: дона | I27: 3
F28: Ўлчами 700 мм бўлган 3.12 "Ўққа тушадиган оғирлик чекланган" йўл белгиси | G28: 2 дона | H28: дона | I28: 2
A29: Трасса 2 (Тош ховуз кўчаси)
A30: 4 | B30: 0+00 | C30: 0+57 | D30: 57 | E30: Йўлнинг мавжуд холати қум шағал аралашмасидан иборат бўлиб, чўкишлар нотекисликлар мавжуд. | F30: Мавжуд йўл профилини 1000м2 га 66 м3 янги ҚШАли ГОСТ 25607-2009 (С6) материал қўшиш йўли билан тиклаш | G30: 57 м х 3,5 м + 6,86 м2 | H30: м2 | I30: 206.36
F31: Битум эмульцияси билан юзаки ишлов бериш 0,6 л/м2 | G31: 0,6 х 206,36 м2 / 1000 | H31: т | I31: 0.124
F32: Асфальтоукладчик ёрдамида қайноқ майда заррали зич асфальтобетондан 5 см қалинликда қоплама ёткизиш. (ГОСТ 9128-2013) | G32: 57 м х 3,5 м + 6,86 м2 | H32: м2 | I32: 206.36
A33: Трасса 3 (Марварид кўчаси)
A34: 5 | B34: 0+00 | C34: 1+10 | D34: 110 | E34: Йўлнинг мавжуд холати қум шағал аралашмасидан иборат бўлиб, чўкишлар нотекисликлар мавжуд. | F34: Мавжуд йўл профилини 1000м2 га 66 м3 янги ҚШАли ГОСТ 25607-2009 (С6) материал қўшиш йўли билан тиклаш | G34: 110 м х 3,5 м + 6,86 м2 | H34: м2 | I34: 391.86
F35: Битум эмульцияси билан юзаки ишлов бериш 0,6 л/м2 | G35: 0,6 х 391,86 м2 / 1000 | H35: т | I35: 0.235
F36: Асфальтоукладчик ёрдамида қайноқ майда заррали зич асфальтобетондан 5 см қалинликда қоплама ёткизиш. (ГОСТ 9128-2013) | G36: 110 м х 3,5 м + 6,86 м2 | H36: м2 | I36: 391.86
F37: Қум шағал аралашмаси ёрдамида (ГОСТ 25607-2009 бўйича С11) 5 см қалинликда йўл марзасини мустаҳкамлаш | G37: 110 м х 0,25 м х 2 | H37: м2 | I37: 55
A38: 6 | B38: 1+10 | C38: 2+25 | D38: 115 | E38: Йўлнинг мавжуд холатида қум шағал аралашмаси тупроққа қоришиб кетган. | F38: Қум шағал аралашмаси ГОСТ 25607-2009 (С4) дан 20 см қалинликда асос ётқизиш | G38: 115 м х 3 м | H38: м2 | I38: 345
F39: Битум эмульцияси билан юзаки ишлов бериш 0,6 л/м2 | G39: 0,6 х 345 м2 / 1000 | H39: т | I39: 0.207
F40: Асфальтоукладчик ёрдамида қайноқ майда заррали зич асфальтобетондан 5 см қалинликда қоплама ёткизиш. (ГОСТ 9128-2013) | G40: 115 м х 3 м | H40: м2 | I40: 345
F41: Қум шағал аралашмаси ёрдамида (ГОСТ 25607-2009 бўйича С11) 5 см қалинликда йўл марзасини мустаҳкамлаш | G41: 115 м х 0,25 м х 2 | H41: м2 | I41: 57.5
A42: Трасса 4 (Марварид кўчаси)
A43: 7 | B43: 0+00 | C43: 2+77 | D43: 277 | E43: Йўлнинг мавжуд холати қум шағал аралашмасидан иборат бўлиб, чўкишлар нотекисликлар мавжуд. | F43: Мавжуд йўл профилини 1000м2 га 66 м3 янги ҚШАли ГОСТ 25607-2009 (С6) материал қўшиш йўли билан тиклаш | G43: 277 м х 3,5 м + 6,86 м2 | H43: м2 | I43: 976.36
F44: Битум эмульцияси билан юзаки ишлов бериш 0,6 л/м2 | G44: 0,6 х 976,36 м2 / 1000 | H44: т | I44: 0.586
F45: Асфальтоукладчик ёрдамида қайноқ майда заррали зич асфальтобетондан 5 см қалинликда қоплама ёткизиш. (ГОСТ 9128-2013) | G45: 277 м х 3,5 м + 6,86 м2 | H45: м2 | I45: 976.36
F46: Қум шағал аралашмаси ёрдамида (ГОСТ 25607-2009 бўйича С11) 5 см қалинликда йўл марзасини мустаҳкамлаш | G46: 277 м х 0,25 м х 2 | H46: м2 | I46: 138.5
A47: 8 | B47: 2+77 | C47: 3+50 | D47: 73 | E47: Йўлнинг мавжуд холатида қум шағал аралашмаси тупроққа қоришиб кетган. | F47: Қум шағал аралашмаси ГОСТ 25607-2009 (С4) дан 20 см қалинликда асос ётқизиш | G47: 73 м х 3,5 м + 6,86 м2 | H47: м2 | I47: 262.36
F48: Битум эмульцияси билан юзаки ишлов бериш 0,6 л/м2 | G48: 0,6 х 262,36 м2 / 1000 | H48: т | I48: 0.157
F49: Асфальтоукладчик ёрдамида қайноқ майда заррали зич асфальтобетондан 5 см қалинликда қоплама ёткизиш. (ГОСТ 9128-2013) | G49: 73 м х 3,5 м + 6,86 м2 | H49: м2 | I49: 262.36
A50: 9 | B50: 3+50 | C50: 9+03 | D50: 553 | E50: Йўлнинг мавжуд холати қум шағал аралашмасидан иборат бўлиб, чўкишлар нотекисликлар мавжуд. | F50: Мавжуд йўл профилини 1000м2 га 66 м3 янги ҚШАли ГОСТ 25607-2009 (С6) материал қўшиш йўли билан тиклаш | G50: 553 м х 3,5 м + 6,86 м2 | H50: м2 | I50: 1942.36
F51: Битум эмульцияси билан юзаки ишлов бериш 0,6 л/м2 | G51: 0,6 х 1942,36 м2 / 1000 | H51: т | I51: 1.165
F52: Асфальтоукладчик ёрдамида қайноқ майда заррали зич асфальтобетондан 5 см қалинликда қоплама ёткизиш. (ГОСТ 9128-2013) | G52: 553 м х 3,5 м + 6,86 м2 | H52: м2 | I52: 1942.36
F53: Қум шағал аралашмаси ёрдамида (ГОСТ 25607-2009 бўйича С11) 5 см қалинликда йўл марзасини мустаҳкамлаш | G53: 553 м х 0,25 м х 2 | H53: м2 | I53: 276.5
A54: Трасса 5 (Марварид кўчаси)
A55: 10 | B55: 0+00 | C55: 2+75 | D55: 275 | E55: Йўлнинг мавжуд холати қум шағал аралашмасидан иборат бўлиб, чўкишлар нотекисликлар мавжуд. | F55: Мавжуд йўл профилини 1000м2 га 66 м3 янги ҚШАли ГОСТ 25607-2009 (С6) материал қўшиш йўли билан тиклаш | G55: 275 м х 3,5 м + 6,86 м2 | H55: м2 | I55: 969.36
F56: Битум эмульцияси билан юзаки ишлов бериш 0,6 л/м2 | G56: 0,6 х 969,36 м2 / 1000 | H56: т | I56: 0.582
F57: Асфальтоукладчик ёрдамида қайноқ майда заррали зич асфальтобетондан 5 см қалинликда қоплама ёткизиш. (ГОСТ 9128-2013) | G57: 275 м х 3,5 м + 6,86 м2 | H57: м2 | I57: 969.36
F58: Қум шағал аралашмаси ёрдамида (ГОСТ 25607-2009 бўйича С11) 5 см қалинликда йўл марзасини мустаҳкамлаш | G58: 275 м х 0,25 м х 2 | H58: м2 | I58: 137.5
A59: 11 | B59: 2+75 | C59: 5+90 | D59: 315 | E59: Йўлнинг мавжуд холатида қум шағал аралашмаси тупроққа қоришиб кетган. | F59: Қум шағал аралашмаси ГОСТ 25607-2009 (С4) дан 20 см қалинликда асос ётқизиш | G59: 315 м х 3,5 м | H59: м2 | I59: 1102.5
F60: Битум эмульцияси билан юзаки ишлов бериш 0,6 л/м2 | G60: 0,6 х 1102,5 м2 / 1000 | H60: т | I60: 0.662
F61: Асфальтоукладчик ёрдамида қайноқ майда заррали зич асфальтобетондан 5 см қалинликда қоплама ёткизиш. (ГОСТ 9128-2013) | G61: 315 м х 3,5 м | H61: м2 | I61: 1102.5
F62: Қум шағал аралашмаси ёрдамида (ГОСТ 25607-2009 бўйича С11) 5 см қалинликда йўл марзасини мустаҳкамлаш | G62: 315 м х 0,25 м х 2 | H62: м2 | I62: 157.5
A63: Трасса 6 (Марварид кўчаси)
A64: 12 | B64: 0+00 | C64: 0+35 | D64: 35 | E64: Йўлнинг мавжуд холати қум шағал аралашмасидан иборат бўлиб, чўкишлар нотекисликлар мавжуд. | F64: Мавжуд йўл профилини 1000м2 га 66 м3 янги ҚШАли ГОСТ 25607-2009 (С6) материал қўшиш йўли билан тиклаш | G64: 35 м х 3 м + 6,86 м2 | H64: м2 | I64: 111.86
F65: Битум эмульцияси билан юзаки ишлов бериш 0,6 л/м2 | G65: 0,6 х 111,86 м2 / 1000 | H65: т | I65: 0.067
F66: Асфальтоукладчик ёрдамида қайноқ майда заррали зич асфальтобетондан 5 см қалинликда қоплама ёткизиш. (ГОСТ 9128-2013) | G66: 35 м х 3 м + 6,86 м2 | H66: м2 | I66: 111.86
F67: Қум шағал аралашмаси ёрдамида (ГОСТ 25607-2009 бўйича С11) 5 см қалинликда йўл марзасини мустаҳкамлаш | G67: 35 м х 0,25 м х 2 | H67: м2 | I67: 17.5
A68: Материалларини ўртача ташиш масофалари
A69: Т/р | B69: Материаллар номи | F69: Ўртача ташиш масофаси, км
A70: 1 | B70: Асфальтобетон, битум эмульсияси | F70: 40
A71: 2 | B71: Қум-шағал аралашмаси | F71: 23
A74: Бажарилган ишларни қабул қилиш бўлими мутахассиси | I74: _____________ ___________________________
A76: Лойиҳа таъминоти бўлими бошлиғи | I76: _____________ ___________________________
A78: Намуна МФЙ раиси | I78: _____________ ___________________________
A80: Ташаббускор | I80: _____________ ___________________________
A82: Лойиҳа ташкилоти вакили | I82: _____________ ___________________________

Sheet Объемка
A1: =+Дефектовка!A7 -> НАМАНГАН ВИЛОЯТИ УЧҚЎРҒОН ТУМАНИ НАМУНА МФЙДА ЖОЙЛАШГАН С.АБДУЛЛА КЎЧАСИ ВА Б.МАШРАБ КЎЧАСИНИ ОРАСИ 1850 М, МАРВАРИД КЎЧАСИ 1125 М МАСОФАНИ АСФАЛЬТ ҚИЛИШ
A2: Йиғма иш хажми қайдномаси
A4: № | B4: Ишнинг номланиши | C4: Ўлчов бирлиги | D4: Хажми
B5: Умумий маълумотлар
A6: 1 | B6: Таъмирланаётган йўл бўлагининг узунлиги | C6: м | D6: 3587
A7: 2 | B7: Қатнов кисмининг ўртача эни | C7: м | D7: 3,0-4,0
A8: 3 | B8: Буюртмачи - Наманган минтақавий йўлларга буюртмачи хизмати ДМ
A9: 4 | B9: Курувчи ташкилоти - Танлов асосида аниқланади
A10: 5 | B10: Ишлар бажариладиган худуд - Наманган вилояти Учқўрғон тумани
A11: 6 | B11: Курилиш монтаж ишлари автотранспорт харакати тўхтатилган холда бажарилади
B12: Йўл тушамаси
A13: 1 | B13: Қум шағал аралашмаси ГОСТ 25607-2009 (С4) дан 20 см қалинликда асос ётқизиш | C13: м2 | D13: =SUMIF(Дефектовка!$F$15:$F$67,B13,Дефектовка!$I$15:$I$67) -> 1709.86
A14: =+A13+1 -> 2 | B14: Мавжуд йўл профилини 1000м2 га 66 м3 янги ҚШАли ГОСТ 25607-2009 (С6) материал қўшиш йўли билан тиклаш | C14: м2 | D14: =SUMIF(Дефектовка!$F$15:$F$67,B14,Дефектовка!$I$15:$I$67) -> 7836.53
A15: =+A14+1 -> 3 | B15: Битум эмульцияси билан юзаки ишлов бериш 0,6 л/м2 | C15: т | D15: =SUMIF(Дефектовка!$F$15:$F$67,B15,Дефектовка!$I$15:$I$67) -> 7.611
A16: =+A15+1 -> 4 | B16: Асфальтоукладчик ёрдамида қайноқ майда заррали зич асфальтобетондан 5 см қалинликда қоплама ёткизиш. (ГОСТ 9128-2013) | C16: м2 | D16: =SUMIF(Дефектовка!$F$15:$F$67,B16,Дефектовка!$I$15:$I$67) -> 12684.75
A17: =+A16+1 -> 5 | B17: Қум шағал аралашмаси ёрдамида (ГОСТ 25607-2009 бўйича С11) 5 см қалинликда йўл марзасини мустаҳкамлаш | C17: м2 | D17: =SUMIF(Дефектовка!$F$15:$F$67,B17,Дефектовка!$I$15:$I$67) -> 1728.5
B18: Йўл белгиларини ўрнатиш
A19: =+A17+1 -> 6 | B19: Йўл белгиларини узунлиги 4 м ўлчами 50х50 мм бўлган металл устинини B-15 маркали қуйма бетон пойдеворга ўрнатиш | C19: дона | D19: =SUMIF(Дефектовка!$F$15:$F$67,B19,Дефектовка!$I$15:$I$67) -> 10
C20: м3 | D20: =7*0.016 -> 0.112
B21: Ўлчами 700 мм бўлган 1.11 .1"Хавфли бурилиш" йўл белгиси | C21: дона | D21: =SUMIF(Дефектовка!$F$15:$F$67,B21,Дефектовка!$I$15:$I$67) -> 1
B22: Ўлчами 700 мм бўлган 1.11.2"Хавфли бурилиш" йўл белгиси | C22: дона | D22: =SUMIF(Дефектовка!$F$15:$F$67,B22,Дефектовка!$I$15:$I$67) -> 1
B23: Ўлчами 615 х 500 мм бўлган 1.31.1"Бурилишнинг йўналиши" йўл белгиси | C23: дона | D23: =SUMIF(Дефектовка!$F$15:$F$67,B23,Дефектовка!$I$15:$I$67) -> 3
B24: Ўлчами 615 х 500 мм бўлган 1.31.2"Бурилишнинг йўналиши" йўл белгиси | C24: дона | D24: =SUMIF(Дефектовка!$F$15:$F$67,B24,Дефектовка!$I$15:$I$67) -> 3
B25: Ўлчами 700 мм бўлган 3.12 "Ўққа тушадиган оғирлик чекланган" йўл белгиси | C25: дона | D25: =SUMIF(Дефектовка!$F$15:$F$67,B25,Дефектовка!$I$15:$I$67) -> 2
D27: =SUM(D12:D25) -> 23987.363
D28: =SUM(Дефектовка!I15:I67) -> 23987.363
D29: =+D28-D27 -> 0

Sheet ТРАНСПОРТ
A1: Транспортные расходы на перевозымые грузы
A2: =+Дефектовка!A7 -> НАМАНГАН ВИЛОЯТИ УЧҚЎРҒОН ТУМАНИ НАМУНА МФЙДА ЖОЙЛАШГАН С.АБДУЛЛА КЎЧАСИ ВА Б.МАШРАБ КЎЧАСИНИ ОРАСИ 1850 М, МАРВАРИД КЎЧАСИ 1125 М МАСОФАНИ АСФАЛЬТ ҚИЛИШ
A4: № П/П | B4: Наменование материалов | C4: Единица измерения | D4: Коли-чество | E4: Удель- ный вес | F4: Общая тонна | G4: Автотранспортная км | H4: тн/км | I4: Стоимость за один тн/км | J4: Всего
E5: тн
A6: 1 | B6: 2 | C6: 3 | D6: 4 | E6: 6 | F6: 7 | G6: 9 | H6: 10 | I6: 11 | J6: 12
A7: 1 | B7: Смесь асфальтобетонная горячая пористая мелкозернистая | C7: т | D7: =SUMIF(РЕСУРС!$D$15:$D$406,B7,РЕСУРС!$F$15:$F$406) -> 0 | E7: 1 | F7: =+E7*D7 -> 0 | G7: =+Дефектовка!G70 -> 0 | H7: =+G7*F7 -> 0 | J7: =+I7*H7 -> 0
A8: 2 | B8: Гравийно-песчаная смесь | C8: м3 | D8: =SUMIF(РЕСУРС!$D$15:$D$406,B8,РЕСУРС!$F$15:$F$406) -> 1055.8139 | E8: 1.6 | F8: =+E8*D8 -> 1689.3023 | G8: =+Дефектовка!G71 -> 0 | H8: =+G8*F8 -> 0 | J8: =+I8*H8 -> 0
A9: 3 | B9: Щебень из естественного камня для строительных работ М-1000-1200 фракции 5-20 мм | C9: м3 | D9: =SUMIF(РЕСУРС!$D$15:$D$406,B9,РЕСУРС!$F$15:$F$406) -> 0 | E9: 1.45 | F9: =+E9*D9 -> 0 | G9: =+Дефектовка!#REF! -> #REF! | H9: =+G9*F9 -> #REF! | J9: =+I9*H9 -> #REF!
A10: 4 | B10: Остальные материалы 3%
B11: ИТОГО
I15: =SUMIF(#REF!,G15,#REF!) -> #REF!
